 Dungeon Crawl Stone Soup version 0.17-a0-1504-gb7d9117 (webtiles) character file.

221 WellDressedCM the Ducker (level 6, -14/47 HPs)
             Began as a Human Wanderer on July 9, 2015.
             Was an Initiate of Nemelex Xobeh.
             Demolished by emiel's ghost (17 damage)
             ... on level 5 of the Dungeon on July 10, 2015.
             The game lasted 00:26:08 (3050 turns).

WellDressedCM the Ducker (Human Wanderer)           Turns: 3050, Time: 00:26:08

Health: -14/47     AC:  8    Str: 13    XL:     6   Next: 19%
Magic:  6/6        EV: 15    Int: 13    God:    Nemelex Xobeh [......]
Gold:   79         SH:  0    Dex: 13    Spells: 1 memorised, 2 levels left

rFire  . . .     SeeInvis .     b - +0 spear
rCold  . . .     Clarity  .     a - +2 leather armour
rNeg   . . .     SustAt   .     (no shield)
rPois  .         Gourm    .     (no helmet)
rElec  .         Spirit   .     e - +2 cloak
rCorr  .         Warding  .     (no gloves)
rMut   .         Stasis   .     (no boots)
MR     .....                    (no amulet)
Stlth  ++........               (no ring)
                                (no ring)

@: not resistant to hostile enchantments, unstealthy
A: no striking features
a: Renounce Religion


You were on level 5 of the Dungeon.
You worshipped Nemelex Xobeh.
Nemelex Xobeh was noncommittal.
You were not hungry.

You visited 1 branch of the dungeon, and saw 7 of its levels.

You collected 92 gold pieces.
You donated 13 gold pieces to Zin.

Inventory:

Hand weapons
 b - a +0 spear (weapon)
 i - a +1 short sword of draining
Armour
 a - a +2 leather armour (worn)
 e - a +2 cloak (worn)
Magical devices
 c - a wand of random effects (20)
Scrolls
 h - a scroll of recharging
 j - 6 scrolls of identify
 k - 2 scrolls of teleportation
 o - 2 scrolls of remove curse
Potions
 g - 3 potions of magic
 l - 2 potions of brilliance
 n - a potion of curing
Books
 q - a book of the Tempests

   Spells                             Type                      Level
   a - Static Discharge               Conjuration/Air              3
   b - Lightning Bolt                 Conjuration/Air              5
   c - Fireball                       Conjuration/Fire             5
   d - Tornado                        Air                          9
   e - Shatter                        Earth                        9
Comestibles
 d - 5 bread rations
 f - a slice of pizza
 m - 2 chunks of flesh
 p - a meat ration


   Skills:
 * Level 3.2 Fighting
 + Level 1.5 Polearms
 + Level 1.7 Armour
 + Level 6.9 Dodging
 + Level 2.1 Stealth
   Level 1.0 Shields
 * Level 0.3 Spellcasting
 + Level 1.0 Evocations


You had 2 spell levels left.
You knew the following spells:

 Your Spells              Type           Power        Failure   Level  Hunger
a - Static Discharge      Conj/Air       #.......     93%         3    ####...


Dungeon Overview and Level Annotations

Branches:
Dungeon (7/15)
 Temple: D:4-7

Altars:
Nemelex Xobeh
Xom
Zin

Annotations:
D:5 emiel's ghost, experienced OgWz


Message History

Emiel's ghost resists with almost no effort.
This wand has 22 charges left.
Evoke which item? (* to show all) (? for menu, Esc to quit)
Zapping:
c - a wand of random effects (22)
Press: ? - help, Shift-Dir - straight line, f/p - emiel's ghost
Aim: emiel's ghost (moderately damaged) Emiel's ghost flickers and vanishes!
Deactivating autopickup; reactivate with Ctrl-A.
This wand has 21 charges left.
Something hits you.
Evoke which item? (* to show all) (? for menu, Esc to quit)
Zapping:
c - a wand of random effects (21)
Press: ? - help, Shift-Dir - straight line, f - you Really target yourself?
Uppercase [Y]es or [N]o only, please.
Really target yourself?
You are blasted!
* * * LOW HITPOINT WARNING * * *
This wand has 20 charges left.
Something hits you!
You die...
Your body disappears without a glow.

### #.## ### #..# .## #.#
#..# #..# ##.# ##..#
#..###..# ######..##
#..#...###........##
#.......{@..####..########
##...)..##### #..........
##..#### ##.)....... #(##
#......... . ##[##
##......... .. ##.).###
##.......... ... ##......#
##...###...##
....###...ยง#....# ##...##
###..#
.%..$(.....###....##...##
#.##


There were no monsters in sight!

Vanquished Creatures
  A giant frog (D:3)
  Terence (D:3)
  3 adders
  3 worms
  A giant gecko (D:2)
  7 orcs
  2 giant cockroaches (D:1)
  12 hobgoblins
  4 jackals
  10 kobolds
  2 bats (D:1)
  A giant cockroach zombie (D:3)
  4 giant newts
  7 goblins
  9 rats
67 creatures vanquished.

Vanquished Creatures (others)
  An orc wizard (D:5)
1 creature vanquished.

Grand Total: 68 creatures vanquished

Notes
Turn   | Place    | Note
--------------------------------------------------------------
     0 | D:1      | WellDressedCM the Human Wanderer began the quest for the Orb.
     0 | D:1      | WellDressedCM set off with: a +2 leather armour, a +0 spear, a wand of random effects (15), a bread ration
     0 | D:1      | Reached XP level 1. HP: 16/16 MP: 1/1
   120 | D:1      | Reached XP level 2. HP: 17/22 MP: 2/2
   458 | D:1      | Reached XP level 3. HP: 20/27 MP: 3/3
   915 | D:2      | Noticed an angel
   915 | D:2      | Found a shimmering altar of Xom.
   923 | D:2      | Found a glowing silver altar of Zin.
   953 | D:2      | Reached skill level 1 in Armour
  1092 | D:2      | Reached XP level 4. HP: 15/34 MP: 4/4
  1253 | D:2      | Became a worshipper of Zin the Law-Giver
  1313 | D:2      | Donated 6 gold pieces to Zin
  1313 | D:2      | Donated 3 gold pieces to Zin
  1313 | D:2      | Donated 2 gold pieces to Zin
  1468 | D:2      | Fell from the grace of Zin
  1783 | D:3      | Noticed a giant frog
  1793 | D:3      | Killed a giant frog
  1793 | D:3      | Reached skill level 1 in Polearms
  1793 | D:3      | Reached XP level 5. HP: 29/41 MP: 5/5
  1885 | D:3      | Noticed Terence
  1929 | D:3      | Killed Terence
  1929 | D:3      | Reached skill level 1 in Stealth
  2510 | D:4      | You fall through a shaft for 3 floors!
  2594 | D:5      | Entered Level 5 of the Dungeon
  2597 | D:5      | Found a sparkling altar of Nemelex Xobeh.
  2605 | D:5      | Became a worshipper of Nemelex Xobeh the Trickster
  2900 | D:5      | Learned a level 3 spell: Static Discharge
  2994 | D:5      | Reached XP level 6. HP: 45/47 MP: 6/6
  3006 | D:5      | Noticed emiel's ghost (experienced OgWz)
  3050 | D:5      | Demolished by emiel's ghost

Vault maps used:
D:1:      mrwooster_arrival_arrow, minmay_misc_feat_diagonals
D:2:      grunt_temple_overflow_order_and_chaos_1
D:3:      first_bread, uniq_terence
D:4:      lightli_temple_of_fire, gup_sewer_entry_bubbles
D:5:      nicolae_overflow_hidden_temple, uniq_sigmund
D:6:      grunt_temple_overflow_holy_war, uniq_menkaure
D:7:      temple_statues, grunt_livestock, uniq_pikel

Action                   |  1- 3 |  4- 6 || total
-------------------------+-------+-------++-------
Melee: Spear             |   205 |   211 ||   416
Invok: Renounce Religion |       |     1 ||     1
Evoke: Wand              |     2 |    12 ||    14
  Use: Scroll            |     2 |     4 ||     6
       Potion            |     1 |     4 ||     5
 Stab: Sleeping          |     1 |     5 ||     6
       Distracted        |     1 |     1 ||     2
       Paralysed         |       |     8 ||     8
  Eat: Chunk             |     1 |     5 ||     6
       Bread ration      |       |     1 ||     1
